 Dungeon Crawl Stone Soup version 0.29.1-15-g9cfb28693d (webtiles) character file.

Game seed: 12492256054462401558

382 Gabide the Trooper (level 6, -1/68 HPs)
             Began as an Ogre Monk on Feb 22, 2023.
             Was a Believer of Elyvilon.
             Succumbed to a gnoll's poison
             ... on level 5 of the Dungeon.
             The game lasted 00:08:38 (4857 turns).

Gabide the Trooper (Ogre Monk)                      Turns: 4857, Time: 00:08:38

Health: -1/68      AC:  8    Str: 18    XL:     6   Next: 76%
Magic:  6/6        EV:  9    Int: 11    God:    Elyvilon [**....]
Gold:   20         SH:  5    Dex: 11    Spells: 5/5 levels left

rFire   + + .      SeeInvis .   a - +0 spear
rCold   + . .      Faith    .   (no shield)
rNeg    . . .      Spirit   .   r - +0 swamp dragon scales
rPois   +          Reflect  +   (helmet restricted)
rElec   +          Harm     .   (no cloak)
rCorr   +          Rampage  .   (gloves unavailable)
Will    .....                   (boots unavailable)
Stlth   +.........              k - amulet of reflection
HPRegen 0.21/turn               h - ring of protection from fire
MPRegen 0.10/turn               (no ring)

@: lethally poisoned (-1 -> -8), resistant, flying
A: large, unfitting armour, tough skin 1
a: Renounce Religion, Purification, Heal Other


You were on level 5 of the Dungeon.
You worshipped Elyvilon.
Elyvilon was pleased with you.
You visited 1 branch of the dungeon, and saw 5 of its levels.

You collected 208 gold pieces.
You spent 188 gold pieces at shops.

Inventory:

Hand Weapons
 a - a +0 spear (weapon)
 n - a +2 war axe of distortion
Missiles
 l - 3 boomerangs (quivered)
 m - 6 poisoned darts
Armour
 b - a +1 robe
 r - +0 swamp dragon scales (worn)
Jewellery
 h - a ring of protection from fire (left hand)
 j - a ring of fire
 k - an amulet of reflection (around neck)
Scrolls
 c - a scroll of brand weapon
 e - a scroll of vulnerability
Potions
 f - a potion of cancellation
 g - 2 potions of mutation
 p - 2 potions of flight


   Skills:
 * Level 6.9 Fighting
 - Level 5.0 Polearms
 - Level 4.0 Dodging
 - Level 1.4 Stealth


You had 5 spell levels left.
You didn't know any spells.
Your spell library contained the following spells:

 Spells                   Type           Power      Damage    Failure   Level
 Malign Gateway           Summ/Tloc      0%         N/A       100%        7
 Summon Horrible Things   Summ           0%         N/A       100%        8


Dungeon Overview and Level Annotations

Branches:
Dungeon (5/15)
 Temple: D:4-7

Altars:
Cheibriados
Dithmenos
Elyvilon
Okawaru
Xom
Zin

Shops:
D:4 ?

Annotations:
D:2 Sigmund


Innate Abilities, Weirdness & Mutations

You are too large for most types of armour.
You have tough skin. (AC +1)


Message History

You feel strangely unstable.
The white imp hits you but does no damage.
The orc hits you with a +0 flail.
* * * LOW HITPOINT WARNING * * *
The orc priest closely misses you.
Okay, then.
Press: ? - help, Dir - move target, f - white imp, p - orc priest Heal: a white imp (water, uninterested) It was a potion of flight.
You feel very buoyant.
You fly up into the air.
The white imp hits you but does no damage.
You block the orc's attack.
The orc priest hits you with a +0 hand axe.
* * * LOW HITPOINT WARNING * * *
It was a potion of resistance.
You feel protected.
Your surroundings suddenly seem different.
The gnoll shouts! x3
The gnoll shoots a sling bullet.
The sling bullet barely misses you.
Okay, then.
Press: ? - help, Dir - move target, f - gnoll Heal: a gnoll, wielding a +4 whip of venom (uninterested) Unknown command.
Unknown command.
The gnoll shoots a sling bullet.
The sling bullet completely misses you.
The gnoll shoots a sling bullet.
The sling bullet hits you.
* * * LOW HITPOINT WARNING * * *
The gnoll attacks as you move away! The gnoll hits you but does no damage.
Found 12 gold pieces.
It was a potion of curing.
You feel better.
The gnoll hits you with a +4 whip of venom.
* * * LOW HITPOINT WARNING * * *
You are lethally poisoned!
* * * LOW HITPOINT WARNING * * *
You feel sick. The gnoll attacks as you move away!
The gnoll hits you with a +4 whip of venom.
Elyvilon protects you from harm!
You die...

#.. #.# ##.# ...
#.# ##.##### # #
#..g.g.#####.##.#.#
#..###.............
#.@.##..g.....# #
#.#.##g.......# #
#.........g...... #
#..............## #
#.##.#.#.......# #.
#$ #.#.#.......# #.
#. #.#.#......## #
#. .#.#.####.# #.#
.#


You could see a gnoll.

Vanquished Creatures
  A phantom (D:5)
  A hound (D:4)
  An orc priest (D:3)
  A jelly (D:4)
  Jessica (D:2)
  2 iguanas (D:4)
  4 gnolls
  2 adders (D:3)
  A shadow imp (D:5)
  A white imp (D:5)
  2 dart slugs
  8 orcs
  A bat (D:1)
  4 endoplasms
  7 goblins
  4 hobgoblins
  6 jackals
  8 kobolds
  A quokka (D:4)
  8 ball pythons
  3 frilled lizards
  2 rats (D:1)
69 creatures vanquished.

Vanquished Creatures (others)
  An angel (D:4)
1 creature vanquished.

Grand Total: 70 creatures vanquished

Notes
Turn   | Place    | Note
-------+----------+-------------------------------------------
     0 | D:1      | Gabide the Ogre Monk began the quest for the Orb.
     0 | D:1      | Reached XP level 1. HP: 24/24 MP: 1/1
   163 | D:1      | Reached XP level 2. HP: 32/32 MP: 2/2
   765 | D:1      | Found a faded altar of an unknown god.
   856 | D:1      | Reached XP level 3. HP: 40/40 MP: 3/3
  1097 | D:2      | Noticed Jessica
  1114 | D:2      | Killed Jessica
  1115 | D:2      | Reached skill level 5 in Fighting
  1668 | D:2      | Reached XP level 4. HP: 50/50 MP: 4/4
  1811 | D:2      | Noticed Sigmund
  2508 | D:3      | Reached XP level 5. HP: 58/58 MP: 5/5
  3052 | D:4      | Reached skill level 6 in Fighting
  3300 | D:4      | Found a shadowy altar of Dithmenos.
  3330 | D:4      | Reached XP level 6. HP: 67/67 MP: 6/6
  3362 | D:4      | Found Kiw Koni's Magic Scroll Shop.
  3370 | D:4      | Bought a scroll of brand weapon for 123 gold pieces
  3370 | D:4      | Bought a scroll of identify for 26 gold pieces
  3370 | D:4      | Bought a scroll of teleportation for 39 gold pieces
  3482 | D:4      | Found a shimmering altar of Xom.
  3484 | D:4      | Noticed an angel
  3524 | D:4      | Found a glowing silver altar of Zin.
  3650 | D:4      | Killed an angel
  4333 | D:5      | Entered Level 5 of the Dungeon
  4606 | D:5      | Found a snail-covered altar of Cheibriados.
  4688 | D:5      | Found an iron altar of Okawaru.
  4688 | D:5      | Found a white marble altar of Elyvilon.
  4720 | D:5      | Reached skill level 5 in Polearms
  4723 | D:5      | Became a worshipper of Elyvilon the Healer
  4723 | D:5      | Reached * piety under Elyvilon
  4723 | D:5      | Reached ** piety under Elyvilon
  4847 | D:5      | HP: 2/68 [orc priest/+0 hand axe (6)]
  4855 | D:5      | HP: 2/68 [gnoll/+4 whip of venom (6)]
  4857 | D:5      | Elyvilon protects you from harm!
  4857 | D:5      | Succumbed to a gnoll's poison

Illustrated notes

Levels and vault maps discovered:
D:1:      wander_arrival_peaceful_grave, layout_basic,
          shapermc_ecumenical_altar_notcrosses
D:2:      layout_loops_corners, nicolae_figureground_sparkle, uniq_sigmund,
          uniq_jessica
D:3:      layout_rooms, serial_corexii_hall, chequers_hall_statues_wall_a,
          corexii_hall_statues_i
D:4:      layout_layer_cave, grunt_temple_overflow_order_and_chaos_1,
          nicolae_overflow_crystal_walls, serial_shops, nicolae_stop_n_shop_1
D:5:      layout_loops_cross, nicolae_overflow_squiral,
          mainiacjoe_overflow_cross_hatched

Skill      XL: |  1  2  3  4  5  6 |
---------------+-------------------+-----
Fighting       | 5 6 |  6.9
Dodging        | 3 4 |  4.0
Polearms       | 4 5 |  5.0
Stealth        | |  1.4

Action                   |  1- 3 |  4- 6 || total
-------------------------+-------+-------++-------
Melee: Spear             |   110 |   242 ||   352
       Punch             |       |     2 ||     2
Throw: Dart              |     3 |     8 ||    11
       Boomerang         |       |    34 ||    34
       Throwing net      |       |     2 ||     2
  Use: Scroll            |     4 |     8 ||    12
       Potion            |       |     6 ||     6
 Stab: Sleeping          |     4 |       ||     4
Armor: Robe              |    28 |    27 ||    55
       Swamp dragon scal |       |    14 ||    14
Dodge: Dodged            |    33 |    90 ||   123
Block: Other             |       |    43 ||    43
       Reflection        |       |     1 ||     1
